 Dungeon Crawl Stone Soup version 0.17.0-28-g6e173f8 (webtiles) character file.

886 Ijustatesigmund the Cudgeler (level 7, -8/56 HPs)
             Began as a Demonspawn Gladiator on Nov 30, 2015.
             Was an Initiate of Ru.
             Mangled by an orc warrior
             ... wielding a +0 trident
              (22 damage)
             ... on level 5 of the Dungeon.
             The game lasted 00:12:12 (5399 turns).

Ijustatesigmund the Cudgeler (Demonspawn Gladiator) Turns: 5399, Time: 00:12:13

Health: -8/56      AC: 10    Str: 16    XL:     7   Next: 77%
Magic:  7/7        EV: 18    Int:  9    God:    Ru [......]
Gold:   139        SH:  0    Dex: 15    Spells: 0 memorised, 6 levels left

rFire  + . .     SeeInvis .     x - +1 flail (protect)
rCold  . . .     Clarity  +     b - +0 leather armour
rNeg   . . .     SustAt   .     (no shield)
rPois  .         Gourm    .     c - +0 helmet
rElec  .         Spirit   .     t - +0 cloak
rCorr  .         Warding  .     (no gloves)
rMut   .         Stasis   .     (no boots)
MR     .....                    v - amulet of clarity
Stlth  ++........               s - ring of stealth
                                f - +2 ring of evasion

@: hasted, very quick, not resistant to hostile enchantments, unstealthy
A: claws 2, repulsion field 2, demonic guardian 1, fire resistance 1
a: Renounce Religion


You were on level 5 of the Dungeon.
You worshipped Ru.
Ru was noncommittal.
You were not hungry.

You visited 2 branches of the dungeon, and saw 6 of its levels.

You collected 139 gold pieces.

Inventory:

Hand Weapons
 a - a +0 flail
 x - a +1 flail of protection (weapon)
Missiles
 d - 2 throwing nets (quivered)
Armour
 b - a +0 leather armour (worn)
 c - a +0 helmet (worn)
 t - a +0 cloak (worn)
Jewellery
 f - a +2 ring of evasion (left claw)
 h - an uncursed ring of magical power
 s - a ring of stealth (right claw)
 v - an amulet of clarity (around neck)
Scrolls
 j - a scroll of blinking
 n - 2 scrolls of teleportation
 q - a scroll of identify
Potions
 g - 2 potions of resistance
 k - a potion of agility
 l - 3 potions of cancellation
 o - a potion of invisibility {unknown}
Comestibles
 e - 4 bread rations
 r - a beef jerky
 u - a meat ration


   Skills:
 + Level 5.2 Fighting
 + Level 7.2 Maces & Flails
 - Level 1.7 Throwing
 + Level 3.0 Dodging


You had 6 spell levels left.
You didn't know any spells.

Dungeon Overview and Level Annotations

Branches:
Dungeon (5/15)             Temple (1/1) D:4

Altars:
Ashenzari
Elyvilon
Gozag
Kikubaaqudgha
Makhleb
Nemelex Xobeh
Okawaru
Qazlal
Ru
Trog
Vehumet
Xom
Zin
The Shining One


Innate Abilities, Weirdness & Mutations

You have very sharp fingernails.
You are surrounded by a moderate repulsion field (EV +3).
A weak demonic guardian rushes to your aid.
Your flesh is heat resistant.


Message History

Your white imp barely misses the orc wizard.
You hit the orc wizard.
You kill the orc wizard!
The orc closely misses you. The orc warrior barely misses you.
The orc misses your white imp.
You sock the orc!
You kill the orc!
The orc misses you.
The orc warrior hits you from afar with a trident!
You barely miss the orc. The orc completely misses you.
The orc hits you but does no damage.
The orc warrior hits you from afar with a trident!
* * * LOW HITPOINT WARNING * * *
Your white imp hits the orc warrior but does no damage.
You are too injured to fight recklessly!
Drink which item? (? for menu, Esc to quit)
You feel yourself speed up. The orc misses you.
Your white imp hits the orc warrior but does no damage.
The orc warrior hits you from afar with a trident!!
You die...

....#.###.##...###...##..........
....#.# #....#.#....#.#.#..#.#.
....#.# +.⌠.##.##.⌠...####.#...
......# #...#...#...#.# #.###.
....#.# ##.##...##+##.# #.# ##
.....##### #.........##.# #.. #
.......#.# #........# #.# ##.
.........# #....5..####.# ..
.......#.# ##...@o....#.#
.##.####.##.#...5o....#.# .
#.####.##.#...o.....#
#...................#
.#.####.##.#.........#
........##.#.........#
..#####..##.#.........#
..##........#.........#
.........##.#


You could see an orc warrior, 2 orcs and 2 friendly white imps.

Vanquished Creatures
  A sky beast (D:5)
  A centaur (D:5)
  2 ogres (D:5)
  A crimson imp (D:5)
  A hound (D:4)
  An orc wizard (D:5)
  2 iguanas
  2 worker ants (D:5)
  10 adders
  3 oozes
  6 worms
  13 orcs
  6 giant cockroaches
  7 hobgoblins
  5 jackals
  3 quokkas
  2 ball pythons (D:3)
  10 bats
  2 giant geckos
  3 giant newts
  12 goblins
  7 kobolds
  10 rats
110 creatures vanquished.

Vanquished Creatures (collateral kills)
  An ice beast (D:5)
  A centaur (D:5)
  A scorpion (D:5)
  An adder (D:5)
  A giant newt (D:5)
5 creatures vanquished.

Grand Total: 115 creatures vanquished

Notes
Turn   | Place    | Note
--------------------------------------------------------------
     0 | D:1      | Ijustatesigmund the Demonspawn Gladiator began the quest for the Orb.
     0 | D:1      | Reached XP level 1. HP: 16/16 MP: 1/1
    85 | D:1      | Reached skill level 3 in Maces & Flails
   159 | D:1      | Gained mutation: You are surrounded by a mild repulsion field (EV +2). [demonic ancestry]
   159 | D:1      | Reached XP level 2. HP: 9/22 MP: 2/2
   874 | D:2      | Gained mutation: A weak demonic guardian rushes to your aid. [demonic ancestry]
   874 | D:2      | Reached XP level 3. HP: 27/27 MP: 3/3
   932 | D:2      | Reached skill level 4 in Maces & Flails
   946 | D:2      | Found a bloodstained altar of Trog.
   993 | D:2      | Found a faded altar to an unknown god.
  1366 | D:2      | Gained mutation: You have sharp fingernails. [demonic ancestry]
  1366 | D:2      | Reached XP level 4. HP: 30/33 MP: 4/4
  1912 | D:3      | Found an opulent altar of Gozag.
  2092 | D:3      | Reached skill level 5 in Maces & Flails
  2388 | D:3      | Found a shimmering altar of Xom.
  2447 | D:3      | Gained mutation: You have very sharp fingernails. [demonic ancestry]
  2447 | D:3      | Reached XP level 5. HP: 35/38 MP: 5/5
  4063 | D:4      | Found a staircase to the Ecumenical Temple.
  4073 | Temple   | Entered the Ecumenical Temple
  4221 | Temple   | Became a worshipper of Ru the Awakened
  4629 | D:5      | Entered Level 5 of the Dungeon
  4634 | D:5      | Noticed a centaur
  4644 | D:5      | Killed a centaur
  4644 | D:5      | Reached skill level 6 in Maces & Flails
  4644 | D:5      | Gained mutation: Your flesh is heat resistant. [demonic ancestry]
  4644 | D:5      | Reached XP level 6. HP: 18/47 MP: 6/6
  4936 | D:5      | Noticed a centaur
  4972 | D:5      | Killed a centaur
  5147 | D:5      | Noticed an ice beast
  5157 | D:5      | Killed an ice beast
  5157 | D:5      | Gained mutation: You are surrounded by a moderate repulsion field (EV +3). [demonic ancestry]
  5157 | D:5      | Reached XP level 7. HP: 54/54 MP: 7/7
  5194 | D:5      | Noticed a sky beast
  5204 | D:5      | Killed a sky beast
  5217 | D:5      | Found a stormy altar of Qazlal.
  5282 | D:5      | Noticed an ogre
  5289 | D:5      | Killed an ogre
  5289 | D:5      | Reached skill level 7 in Maces & Flails
  5314 | D:5      | Reached skill level 5 in Fighting
  5390 | D:5      | Noticed an orc warrior
  5399 | D:5      | Mangled by an orc warrior

Action                   |  1- 3 |  4- 6 |  7- 9 || total
-------------------------+-------+-------+-------++-------
Melee: Flail             |   144 |   340 |    42 ||   526
Throw: Throwing net      |     2 |     1 |     3 ||     6
  Use: Scroll            |     8 |     4 |     1 ||    13
       Potion            |       |     1 |     1 ||     2
 Stab: Held in net/web   |     1 |     2 |     2 ||     5
       Sleeping          |       |     5 |     1 ||     6
  Eat: Chunk             |     1 |    11 |       ||    12
       Fruit             |       |     2 |       ||     2
       Royal jelly       |       |       |     1 ||     1
